 Dungeon Crawl Stone Soup version 0.28.0-45-g0d030f2227 (webtiles) character file.

Game seed: 9202606831232461080

99 powzer the Chopper (level 4, -2/41 HPs)
             Began as a Minotaur Berserker on Apr 19, 2022.
             Was a Believer of Trog.
             Killed from afar by Grinder (8 damage)
             ... with a puff of flame
             ... on level 3 of the Dungeon.
             The game lasted 00:18:46 (2081 turns).

powzer the Chopper (Minotaur Berserker)             Turns: 2081, Time: 00:18:47

Health: -2/41      AC:  6    Str: 22    XL:     4   Next: 45%
Magic:  3/3        EV: 10    Int: 10    God:    Trog [**....]
Gold:   94         SH:  0    Dex: 11    Spells: 3/3 levels left

rFire   . . .      SeeInvis .   a - +0 hand axe
rCold   . . .      Faith    .   (no shield)
rNeg    . . .      Spirit   .   h - +0 scale mail
rPois   .          Reflect  .   (helmet restricted)
rElec   .          Harm     .   (no cloak)
rCorr   .          Rampage  .   (no gloves)
Will    .....                   (no boots)
Stlth   ..........              (no amulet)
HPRegen 0.13/turn               j - +6 ring of intelligence
MPRegen 0.08/turn               (no ring)

@: no status effects
A: horns 2, retaliatory headbutt
a: Renounce Religion, Berserk, Trog's Hand


You were on level 3 of the Dungeon.
You worshipped Trog.
Trog was pleased with you.
You visited 1 branch of the dungeon, and saw 3 of its levels.

You collected 94 gold pieces.

Inventory:

Hand Weapons
 a - a +0 hand axe (weapon)
Missiles
 c - 76 stones (quivered)
 l - 31 arrows
Armour
 h - a +0 scale mail (worn)
Jewellery
 j - a +6 ring of intelligence (left hand)
Scrolls
 d - 3 scrolls of teleportation {unknown}
 e - a scroll of fog {unknown}
 i - a scroll of immolation {unknown}
 k - a scroll of identify {unknown}
Potions
 b - a potion of degeneration {unknown}
 f - a potion of curing
 g - a potion of might {unknown}
 m - a potion of ambrosia {unknown}


   Skills:
 + Level 4.4 Fighting
 + Level 4.9 Axes
 * Level 3.0 Armour
 + Level 2.8 Dodging
 + Level 0.7 Stealth


You had 3 spell levels left.
You didn't know any spells.
Your spell library was empty.

Dungeon Overview and Level Annotations

Branches:
Dungeon (3/15)

Altars:

Annotations:
D:3 Grinder


Innate Abilities, Weirdness & Mutations

You have a pair of horns on your head.
You reflexively headbutt those who attack you in melee.


Message History

You closely miss the rat. The rat barely misses you.
You closely miss the rat. The rat barely misses you.
You hit the rat but do no damage. Your headbutt misses the rat.
The rat barely misses you.
You hit the rat.
The rat is moderately wounded.
The rat bites you but does no damage.
You hit the rat.
You kill the rat!
Trog accepts your kill.
You see here a rat corpse.
You see here a +0 hunting sling.
Grinder comes into view.
She is carrying a wand of flame (5).
Grinder shouts!
Grinder blinks!
You barely miss Grinder. Your headbutt misses Grinder. Grinder hits you.
You writhe in agony.
You hit Grinder but do no damage. You headbutt Grinder.
Grinder is lightly wounded.
Grinder barely misses you.
You hit Grinder but do no damage.
Grinder is lightly wounded.
Grinder zaps a wand.
The puff of flame hits you.
You barely miss Grinder.
Grinder is lightly wounded.
Grinder gestures at you. Pain shoots through your body!
You barely miss Grinder. Your headbutt misses Grinder.
Grinder is lightly wounded.
Grinder hits you!
You writhe in agony.
* * * LOW HITPOINT WARNING * * *
Grinder hits you but does no damage.
Grinder zaps a wand.
The puff of flame hits you.
* * * LOW HITPOINT WARNING * * *
Grinder gestures at you. Pain shoots through your body!
* * * LOW HITPOINT WARNING * * *
Grinder zaps a wand.
The puff of flame misses you.
Grinder zaps a wand.
The puff of flame hits you!
You die...

# ##. #...#####
###.#..####........
.....^.......######
........###.###....
.######..##.###....
##......†......
##.......†......
###.5...........).
#@..#.............
#####.........####
###########


You could see Grinder.

Vanquished Creatures
  2 adders (D:2)
  3 gnolls (D:2)
  An adder skeleton (D:2)
  8 ball pythons
  3 bats
  4 endoplasms
  A giant cockroach (D:1)
  5 goblins
  3 hobgoblins
  2 jackals (D:2)
  4 quokkas
  7 kobolds
  2 rats
45 creatures vanquished.

Vanquished Creatures (others)
  3 plants (D:1)
3 creatures vanquished.

Grand Total: 48 creatures vanquished

Notes
Turn   | Place    | Note
-------+----------+-------------------------------------------
     0 | D:1      | powzer the Minotaur Berserker began the quest for the Orb.
     0 | D:1      | Reached XP level 1. HP: 19/19 MP: 0/0
   102 | D:1      | Found a faded altar of an unknown god.
   114 | D:1      | Reached XP level 2. HP: 19/27 MP: 1/1
   456 | D:1      | Reached ** piety under Trog
   874 | D:2      | Reached XP level 3. HP: 33/33 MP: 2/2
  1126 | D:2      | Reached XP level 4. HP: 14/41 MP: 3/3
  2061 | D:3      | Noticed Grinder
  2081 | D:3      | Killed from afar by Grinder

Illustrated notes

Levels and vault maps discovered:
D:1:      lemuel_arrival_cross, layout_loops_ring,
          nicolae_ecumenical_snake_handling, serial_bayou_lagoon_b
D:2:      layout_loops_ring, grunt_ministairs_7, nicolae_underground_beach
D:3:      layout_rooms, serial_curves, eino_curves_04, eino_curves_03,
          hex_intersection, uniq_ijyb, uniq_grinder

Skill      XL: |  1  2  3  4 |
---------------+-------------+-----
Fighting       | 4 |  4.4
Axes           | 4 |  4.9
Armour         | 3 |  3.0
Dodging        | |  2.8
Stealth        | |  0.7

Action                   |  1- 3 |  4- 6 || total
-------------------------+-------+-------++-------
Melee: Hand axe          |    84 |    44 ||   128
       Headbutt          |    16 |     6 ||    22
Throw: Stone             |     1 |       ||     1
  Use: Potion            |     1 |       ||     1
Armor: Animal skin       |    13 |       ||    13
       Scale mail        |     9 |    18 ||    27
Dodge: Dodged            |    54 |    21 ||    75
